 Dungeon Crawl Stone Soup version 0.22.1-1-ga44c0e5 (webtiles) character file.

36 Anon1729 the Charmwright (level 3, -1/32 HPs)
             Began as a Naga Skald on Oct 13, 2018.
             Killed from afar by Natasha (8 damage)
             ... with a magic dart
             ... on level 2 of the Dungeon.
             The game lasted 00:02:00 (1547 turns).

Anon1729 the Charmwright (Naga Skald)               Turns: 1547, Time: 00:02:01

Health: -1/32      AC:  2    Str: 13    XL:     3   Next: 37%
Magic:  6/6        EV:  9    Int: 13    God:
Gold:   109        SH:  0    Dex: 11    Spells: 5/6 levels left

rFire    . . .     SeeInvis +   a - +0 hand axe
rCold    . . .     Gourm    .   (no shield)
rNeg     . . .     Faith    .   b - +0 leather armour
rPois    +         Spirit   .   (no helmet)
rElec    .         Reflect  .   (no cloak)
rCorr    .         Harm     .   (no gloves)
MR       .....                  (no barding)
Stlth    +.........             (no amulet)
HPRegen  0.10/turn              (no ring)
MPRegen  0.10/turn              (no ring)

@: slowed, very slow
A: large, see invisible, deformed body, poison resistance, slowness 2, slow
metabolism 1, spit poison 1, AC +1
a: Spit Poison


You were on level 2 of the Dungeon.
You were not hungry.

You visited 1 branch of the dungeon, and saw 2 of its levels.

You collected 109 gold pieces.

Inventory:

Hand Weapons
 a - a +0 hand axe (weapon)
Missiles
 c - 8 poisoned javelins (quivered)
Armour
 b - a +0 leather armour (worn)
Scrolls
 e - a scroll of enchant weapon {unknown}
 f - a scroll of fog {unknown}
 g - 2 scrolls of amnesia {unknown}
 j - a scroll of teleportation {unknown}
 l - a scroll of magic mapping {unknown}
Potions
 h - a potion of flight {unknown}
 i - 2 potions of ambrosia {unknown}
 m - a potion of agility {unknown}
Comestibles
 d - 2 rations


   Skills:
 + Level 2.3 Fighting
 * Level 2.6 Axes
 + Level 1.0 Armour
 + Level 1.8 Dodging
 + Level 2.2 Spellcasting
 + Level 3.1 Charms


You had 5 spell levels left.
You knew the following spells:

 Your Spells              Type           Power        Failure   Level  Hunger
a - Infusion              Chrm           #...         9%          1    ##.....

Your spell library contained the following spells:

 Spells                   Type           Power        Failure   Level  Hunger
 Song of Slaying          Chrm           #.......     13%         2    ###....
 Shroud of Golubria       Chrm/Tloc      #.........   26%         2    ###....
 Regeneration             Chrm/Necr      #.........   45%         3    ####...
 Spectral Weapon          Hex/Chrm       #.......     45%         3    ####...


Dungeon Overview and Level Annotations

Branches:
Dungeon (2/15)

Altars:
Elyvilon

Annotations:
D:2 Natasha


Innate Abilities, Weirdness & Mutations

You cannot wear boots.
Your serpentine skin is tough. (AC +1)
You have supernaturally acute eyesight. (SInv)
Armour fits poorly on your strangely shaped body.
Your system is resistant to poisons. (rPois)
You cover ground very slowly.
You have a slow metabolism.
You can spit poison.


Message History

Natasha stares at you and mumbles some strange words.
The magic dart hits you!
You closely miss Natasha.
Natasha is severely wounded.
You barely miss the shadow imp.
You have got your breath back.
The shadow imp gestures at you.
You barely resist. The white imp gestures at you. The puff of frost hits you!
Natasha claws you.
* * * LOW HITPOINT WARNING * * *
Natasha stares at you and mumbles some strange words.
You resist with some effort. The shadow imp closely misses you.
Unknown command.
Press: ? - help, Shift-Dir - straight line, f/p - Natasha
Aim: Natasha (severely wounded, poisoned)
You fail to use your ability.
The shadow imp closely misses you.
Natasha stares at you and mumbles some strange words.
The magic dart hits you!
You die...

#.....#### #######
#........# .....##
###'#....# ###
###...######.#...<#
....###≈≈...≈≈#....#....#
....r.#≈..♣..≈#....+..>.#
#.#.............#.....
#....♣._.♣......#.....
##...@5.........######
#.#≈5h♣..≈#....#
#.#≈≈...≈≈##+###
#.###...### # .....#
..##.. ... ....


You could see Natasha, a white imp, a shadow imp and a neutral quokka
(wandering).

Vanquished Creatures
  3 dart slugs (D:1)
  A leopard gecko (D:1)
  3 bats (D:1)
  3 giant cockroaches (D:1)
  4 goblins (D:1)
  4 hobgoblins (D:1)
  A kobold (D:1)
  A ball python (D:1)
  A frilled lizard (D:1)
  7 rats (D:1)
28 creatures vanquished.

Notes
Turn   | Place    | Note
-------+----------+-------------------------------------------
     0 | D:1      | Anon1729 the Naga Skald began the quest for the Orb.
     0 | D:1      | Reached XP level 1. HP: 19/19 MP: 3/3
   192 | D:1      | Reached XP level 2. HP: 26/26 MP: 5/5
   330 | D:1      | Reached skill level 1 in Armour
   672 | D:1      | Reached XP level 3. HP: 6/32 MP: 6/6
  1525 | D:2      | Found a white marble altar of Elyvilon.
  1539 | D:2      | Noticed Natasha
  1547 | D:2      | Killed from afar by Natasha

Skill      XL: |  1  2 |
---------------+-------+-----
Armour         | 1 |  1.0
Fighting       | |  2.3
Axes           | |  2.6
Dodging        | |  1.8
Spellcasting   | |  2.2
Charms         | |  3.1

Action                   || total
-------------------------++-------
Melee: Hand axe          ||    98
Throw: Javelin           ||     4
 Abil: Spit Poison       ||     2
 Stab: Sleeping          ||     1
  Eat: Chunk             ||     1
Armor: Leather armour    ||    42
Dodge: Dodged            ||    72
